[Event "*** Titled Tuesday Blitz"]
[Site "Chess.com"]
[Date "2020.03.03"]
[Round "6"]
[White "secretsuperstar7"]
[Black "HarryCun"]
[Result "0-1"]
[WhiteElo "2204"]
[BlackElo "2109"]
[TimeControl "180+1"]
[EndTime "10:02:59 PST"]
[Termination "HarryCun won on time"]

1. d4 Nf6 2. c4 e6 3. Nc3 Bb4 4.
g3 O-O 5. Bg2 d5 6. Nf3 c5 7.
cxd5 Nxd5 8. Bd2 cxd4 9. Nxd5 Bxd2+ 10. Nxd2 exd5 11. O-O Nc6 12. Nb3 Be6 13. Nxd4 Nxd4 14.
Qxd4 Qd7 15. Rfd1 Rfd8 16. Rd2 Rac8 17. Rad1 Bh3 18. e4 Bxg2 19. Kxg2 Qb5 20. exd5 b6 21. b3 Qa5 22. Qe4 Re8 23. Qf4 Qc5 24. d6 Rcd8 25.
d7 Re7 26. Qf3 Qc7 27. Qd5 Rexd7 28. Qxd7 Rxd7 29. Rxd7 Qc6+ 30. f3 g6 31. R1d6 Qc2+ 32. Rd2 Qc3 33. R2d3 Qc2+ 34. Rd2 Qc1 35. Rd1 Qa3 36.
R1d2 a5 37. Rc7 b5 38. Kh3 a4 39. bxa4 bxa4 40. Rcd7 Qxf3 41. R7d4 h5 42. Rxa4 g5 43.
Rb2 Qf1+ 44. Rg2 Qf5+ 0-1

[Event "*** Titled Tuesday Blitz"]
[Site "Chess.com"]
[Date "2020.03.03"]
[Round "6"]
[White "TigrVShlyape"]
[Black "rogapa"]
[Result "1-0"]
[WhiteElo "2884"]
[BlackElo "2746"]
[TimeControl "180+1"]
[EndTime "10:03:00 PST"]
[Termination "TigrVShlyape won by resignation"]

1. d4 Nf6 2. Nf3 g6 3. Bf4 Bg7 4. c3 O-O 5. e3 d6 6. h3 Nc6 7. Be2 Nd7 8. e4 e5 9. dxe5 Ndxe5 10.
Nxe5 Nxe5 11. O-O f5 12. exf5 Bxf5 13. Bg3 g5 14. Nd2 Kh8 15. Nf3 Ng6 16. Nd4 Bd7 17.
Bd3 Nf4 18. Bxf4 Rxf4 19. Ne2 Rh4 20. Ng3 g4 21. Nf5 Bxf5 22. Bxf5 gxh3 23. g3 Qg5 24. Qd3 Rh6 25. f4 h2+ 26. Kh1 Qh5 27.
Rae1 Rf8 28. g4 Qh3 29. Qxh3 Rxh3 30. Kg2 Rh6 31. Rh1 b5 32. Re7 c5 33. Rxa7 Re8 34. g5 Rh5 35. Bg4 Rh4 36. Kg3 Rxg4+ 37. Kxg4 Kg8 38. Rxh2 1-0

[Event "*** Titled Tuesday Blitz"]
[Site "Chess.com"]
[Date "2020.03.03"]
[Round "6"]
[White "AniJak"]
[Black "M1711"]
[Result "0-1"]
[WhiteElo "2171"]
[BlackElo "2543"]
[TimeControl "180+1"]
[EndTime "10:03:01 PST"]
[Termination "M1711 won by resignation"]

1. e4 e6 2. d4 a6 3. Bd3 h6 4.
Ne2 d6 5. c4 Bd7 6. Nbc3 Nc6 7.
Be3 e5 8. d5 Nce7 9. c5 Ng6 10.
Qb3 Rb8 11. cxd6 Bxd6 12. O-O N8e7 13. f4 exf4 14. Nxf4 O-O 15. Nh5 c6 16. Ba7 cxd5 17. Bxb8 Qxb8 18. g3 Qa7+ 19. Kg2 dxe4 20. Nxe4 Bc6 21.
Rac1 Be5 22. Nf4 Bxf4 23. gxf4 Bd5 24. Qc3 f5 25. Kg3 fxe4 26. Be2 Nf5+ 27. Kh3 Qb8 28. Qd2 Qd8 29. Rcd1 Qh4+ 30. Kg2 Bc6 31. Kg1 e3 32. Qc3 Kh8 33. Bf3 Nxf4 34. Bxc6 Ne2+ 0-1

[Event "*** Titled Tuesday Blitz"]
[Site "Chess.com"]
[Date "2020.03.03"]
[Round "6"]
[White "David_Paravyan"]
[Black "Volodar_Murzin"]
[Result "1-0"]
[WhiteElo "2823"]
[BlackElo "2683"]
[TimeControl "180+1"]
[EndTime "10:03:03 PST"]
[Termination "David_Paravyan won by resignation"]

1. d4 d5 2. c4 c6 3. Nf3 Nf6 4. g3 Bg4 5. Ne5 Bf5 6. Nc3 g6 7. Qb3 Qb6 8. cxd5 Qxb3 9. axb3 Nxd5 10. e4 Nxc3 11. exf5 Nd5 12. Bh3 gxf5 13. Bxf5 e6 14. Bg4 Bb4+ 15. Ke2 Nd7 16. Bh5 Nxe5 17. dxe5 a5 18.
Bh6 Bf8 19. Bd2 Bb4 20. Bh6 Bf8 21. Bg5 Be7 22. h4 Rg8 23. f4 Bf8 24. f5 exf5 25. e6 Rg6 26. Bxg6 fxg6 27. h5 Bg7 28. hxg6 hxg6 29. Rh7 Kf8 30. e7+ Kg8 31. Rxa5 Re8 32. Rh1 Nxe7 33. Kf3 Nd5 34. Ra7 Bxb2 35. Rxb7 Bd4 36.
Rh6 Re1 37. Rxg6+ Kf8 38. Bh6+ Ke8 1-0

[Event "*** Titled Tuesday Blitz"]
[Site "Chess.com"]
[Date "2020.03.03"]
[Round "6"]
[White "elohunter1999"]
[Black "Ginger_GM"]
[Result "0-1"]
[WhiteElo "2437"]
[BlackElo "2582"]
[TimeControl "180+1"]
[EndTime "10:03:04 PST"]
[Termination "Ginger_GM won by resignation"]

1. e4 d6 2. d4 Nf6 3. Nc3 Nbd7 4. Nf3 e5 5. Bc4 Be7 6. a4 c6 7. O-O Qc7 8. a5 h6 9. Re1 Nf8 10. Nh4 g6 11. d5 N6h7 12. Nf3 g5 13. a6 b5 14. Bxb5 cxb5 15. Nxb5 Qb8 16. c4 Bd7 17. Ra3 Bxb5 18. Rb3 Nd7 19. Rxb5 Qc8 20. Rb7 Nc5 21. Rb5 Nxa6 22. Qa4 O-O 23. b4 Nf6 24. Ra5 Nc7 25.
c5 Nd7 26. Be3 f5 27. exf5 Rxf5 28. c6 Nb6 29. Bxb6 axb6 30. Rxa8 Qxa8 31. Qxa8+ Nxa8 32. Ra1 Nc7 33. Ra7 Bd8 34. Rb7 e4 35. Rb8 Rf8 36.
Nd4 Bf6 37. Rxf8+ Kxf8 38. Nf5 Be5 39. Ne3 Ke7 40. g3 h5 41. Kf1 Kf6 42. Ke2 Bd4 43.
Nc2 Ke5 44. f4+ exf3+ 45. Kxf3 g4+ 46. Ke2 Kxd5 47. Kd3 Bg1 48. Ne3+ Bxe3 0-1

[Event "*** Titled Tuesday Blitz"]
[Site "Chess.com"]
[Date "2020.03.03"]
[Round "6"]
[White "freshfoodcompany"]
[Black "SnekkerAndersen"]
[Result "0-1"]
[WhiteElo "2215"]
[BlackElo "2494"]
[TimeControl "180+1"]
[EndTime "10:03:04 PST"]
[Termination "SnekkerAndersen won on time"]

1. d4 e6 2. c4 Ke7 3. Nc3 Qe8 4. d5 Kd8 5. e4 Bb4 6. Bd3 d6 7. a3 Bxc3+ 8. bxc3 Nd7 9. Bg5+ f6 10. Bf4 Nc5 11. f3 f5 12. Bg5+ Nf6 13. Bxf6+ gxf6 14. exf5 exd5+ 15. Ne2 dxc4 16. Bxc4 Qe3 17. Qd4 Qxd4 18. Nxd4 c6 19. Kf2 d5 20. Be2 Re8 21. c4 Bd7 22.
cxd5 cxd5 23. Rhd1 Kc7 24. Rac1 Kd6 25. g4 Rac8 26.
Nb5+ Bxb5 27. Bxb5 Red8 28. Rc2 Nd7 29. Rcd2 Nb6 30.
Bd3 Rc3 31. Be4 Ke5 32. a4 Rc5 33. Re2 Kf4 34. Bc2 d4 35. h4 Rxc2 36. Rxc2 Nxa4 37. Rc4 b5 0-1

[Event "*** Titled Tuesday Blitz"]
[Site "Chess.com"]
[Date "2020.03.03"]
[Round "6"]
[White "silverback96"]
[Black "HouseOfDurin"]
[Result "1-0"]
[WhiteElo "1954"]
[BlackElo "2099"]
[TimeControl "180+1"]
[EndTime "10:03:05 PST"]
[Termination "silverback96 won on time"]

1. g3 c5 2. Bg2 Nc6 3. Nf3 g6 4. O-O Bg7 5. c3 e5 6. d4 cxd4 7. cxd4 exd4 8. Na3 Nge7 9. Nb5 O-O 10. Nbxd4 d5 11. Bg5 h6 12. Be3 Bg4 13. Rc1 Rc8 14. Qd2 Kh7 15. Rfd1 Ne5 16. Nxe5 Rxc1 17. Rxc1 Bxe5 18.
Bxh6 Re8 19. Be3 Nf5 20. Nxf5 Bxf5 21. Bxa7 Qa8 22. Bd4 Qxa2 23. Bxe5 Rxe5 24. Qd4 Rxe2 25. Bxd5 Qxb2 26. Qxb2 Rxb2 27. Bxf7 Rb1 28. Rxb1 Bxb1 29. Bc4 Bc2 30. Kf1 Ba4 31. Ke2 Kg7 32. h4 Kf6 33. Bd3 b5 34. Kd2 b4 35. Bc2 Bc6 36. Kc1 Bd5 37. Kb2 g5 38. h5 g4 39. h6 1-0

[Event "*** Titled Tuesday Blitz"]
[Site "Chess.com"]
[Date "2020.03.03"]
[Round "6"]
[White "vugarrasulov"]
[Black "SantoBlue"]
[Result "1-0"]
[WhiteElo "2898"]
[BlackElo "2755"]
[TimeControl "180+1"]
[EndTime "10:03:07 PST"]
[Termination "vugarrasulov won by resignation"]

1. d4 d5 2. Nf3 c6 3. g3 Nf6 4.
Bg2 Bg4 5. O-O Nbd7 6. Nbd2 e6 7.
c4 Be7 8. Qb3 Qb6 9. h3 Bh5 10.
c5 Qc7 11. Re1 b6 12. cxb6 axb6 13. e4 dxe4 14. Nxe4 Nxe4 15. Rxe4 Nf6 16. Re1 Nd5 17. Ne5 O-O 18. Bd2 Bd6 19. Rac1 Bxe5 20. Rxe5 Bg6 21.
h4 h6 22. g4 Rfc8 23. h5 Bh7 24. g5 hxg5 25. Rxg5 f6 26. Rg3 Kh8 27. a3 Qf7 28. Re1 Bf5 29. Bh3 Qxh5 30. Rxe6 Kg8 31. Rxc6 Bxh3 32.
Rxh3 Qxh3 33. Qxh3 Rxc6 34. Qd7 Rac8 35. Qxd5+ Kh7 36.
Bc3 R6c7 37. Qf5+ Kg8 38. d5 Rd8 39. Qe6+ Kh7 40. d6 Rc6 41. Qf5+ Kh8 42. Qh5+ 1-0

[Event "*** Titled Tuesday Blitz"]
[Site "Chess.com"]
[Date "2020.03.03"]
[Round "6"]
[White "Mikhail_Golubev"]
[Black "Art_Vandelay1980"]
[Result "0-1"]
[WhiteElo "2522"]
[BlackElo "2775"]
[TimeControl "180+1"]
[EndTime "10:03:07 PST"]
[Termination "Art_Vandelay1980 won on time"]

1. e4 e5 2. Nf3 Nc6 3. Nc3 Nf6 4. d4 exd4 5. Nxd4 Bb4 6. Nxc6 bxc6 7. Bd3 d5 8. exd5 O-O 9. O-O cxd5 10. Bg5 c6 11. Na4 h6 12. Bh4 Bd6 13. Re1 Rb8 14. c4 Be6 15. cxd5 Bxd5 16. Bc2 Rb4 17. Bg3 Bxg3 18. hxg3 g6 19. Qd2 Qa5 20. a3 Rxa4 21. b4 Qb5 22. Qd4 Kg7 23. Re7 c5 24. Bxa4 Qxa4 25. Qxc5 a6 26.
Ra7 Qb5 27. Qd6 Bb7 28. Re1 Ra8 29. Rxa8 Bxa8 30. Qd4 Qc6 31. f3 Qc7 32. Re5 Qc1+ 33. Kh2 Qxa3 0-1

[Event "*** Titled Tuesday Blitz"]
[Site "Chess.com"]
[Date "2020.03.03"]
[Round "6"]
[White "viktorko131"]
[Black "HZMC92"]
[Result "0-1"]
[WhiteElo "2100"]
[BlackElo "2372"]
[TimeControl "180+1"]
[EndTime "10:03:08 PST"]
[Termination "HZMC92 won on time"]

1. e4 c5 2. Nf3 Nc6 3. d4 cxd4 4. Nxd4 g6 5. Nc3 Bg7 6. Be3 Nf6 7. Bc4 Qa5 8. O-O O-O 9. Bb3 d6 10. h3 Nxd4 11.
Bxd4 Be6 12. Re1 Rfd8 13. Nd5 Bxd5 14. exd5 Re8 15. c3 Rac8 16. Qf3 b5 17. Re2 Nd7 18. Bxg7 Kxg7 19. Rae1 Qd8 20. Qd3 a6 21. f4 Nc5 22.
Qd4+ Kg8 23. Kh2 Qd7 24. Qd2 Nxb3 25. axb3 Rc7 26. Re4 Qf5 27. g4 Qf6 28. Qe3 Kf8 29.
Kg3 h6 30. h4 Qg7 31. g5 hxg5 32.
hxg5 f6 33. gxf6 Qxf6 34. Re6 Qf5 35. Qd4 Kf7 36. R1e5 Qc2 0-1

[Event "*** Titled Tuesday Blitz"]
[Site "Chess.com"]
[Date "2020.03.03"]
[Round "6"]
[White "saraswathii"]
[Black "LarissaSteenbekkers"]
[Result "1-0"]
[WhiteElo "2232"]
[BlackElo "1830"]
[TimeControl "180+1"]
[EndTime "10:03:09 PST"]
[Termination "saraswathii won on time"]

1. e4 e6 2. d3 d5 3. Nd2 c5 4.
Ngf3 Nc6 5. g3 Nf6 6. Bg2 Be7 7. O-O O-O 8. Qe2 b5 9. e5 Nd7 10. c3 a5 11. a4 b4 12. c4 Nb6 13. Nb3 Ba6 14. Nfd2 Rc8 15. Rd1 Nd4 16. Nxd4 cxd4 17. cxd5 Nxd5 18. Nb3 Nb6 19. Nxa5 Nd5 20. Nb3 Qc7 21.
Nxd4 Bc5 22. Nb3 Ba7 23. Bg5 h6 24. Bxd5 exd5 25. Be3 Rfd8 26. Bxa7 Qxa7 27. Rac1 d4 28. Rxc8 Bxc8 29. Ra1 Bh3 30. Nd2 Qb7 31. Ne4 f5 32. exf6 Rf8 33. Qh5 Qd7 34. fxg7 Rf7 35. Qg6 Qc7 36. Re1 1-0

[Event "*** Titled Tuesday Blitz"]
[Site "Chess.com"]
[Date "2020.03.03"]
[Round "6"]
[White "Funkmaus"]
[Black "hongnhung1234"]
[Result "0-1"]
[WhiteElo "2215"]
[BlackElo "2247"]
[TimeControl "180+1"]
[EndTime "10:03:09 PST"]
[Termination "hongnhung1234 won by resignation"]

1. d4 f5 2. Bg5 g6 3. h4 h6 4. Bf4 Bg7 5. e3 Nf6 6. c4 d6 7. Nc3 O-O 8. Bd3 Nh5 9. Bh2 e5 10. Nge2 Qxh4 11. Qb3 Kh7 12. g3 Qd8 13. O-O-O Nc6 14.
d5 Nb8 15. g4 Nf6 16. gxf5 gxf5 17. Qc2 e4 18. Nxe4 fxe4 19. Bxe4+ Nxe4 20. Qxe4+ Bf5 21. Qg2 Qf6 22. Nd4 Nd7 23. Bf4 c5 24. dxc6 bxc6 25. Qxc6 Rac8 26. Qxd6 Rxc4+ 27. Kd2 Qxd6 28. Bxd6 Rf6 29.
Ba3 Nc5 30. f3 Ne6 31. Nxf5 Rxf5 32. e4 Rxf3 33. Rdf1 Rxf1 34. Rxf1 Rxe4 35. Rf7 Kg6 36. Rxa7 Rd4+ 37. Ke3 Rd1 38. Ra6 Kf5 39. Ra5+ Kg4 40. Be7 h5 41. Ra4+ Bd4+ 42. Ke2 Rb1 43. Bf6 Rxb2+ 44.
Kd3 Nc5+ 45. Kxd4 Nxa4 46. Ke3 Rxa2 0-1

[Event "*** Titled Tuesday Blitz"]
[Site "Chess.com"]
[Date "2020.03.03"]
[Round "6"]
[White "cottage_cheese"]
[Black "MartinMatthiesen"]
[Result "0-1"]
[WhiteElo "2308"]
[BlackElo "2535"]
[TimeControl "180+1"]
[EndTime "10:03:11 PST"]
[Termination "MartinMatthiesen won by checkmate"]

1. e4 c5 2. Nf3 Nc6 3. Bb5 g6 4. O-O Bg7 5. c3 e5 6. d4 cxd4 7. cxd4 exd4 8. Bf4 a6 9. Ba4 Nge7 10. Nbd2 O-O 11. Rc1 b5 12. Bc2 Bb7 13. Nb3 Qb6 14.
Bd3 d5 15. Bd6 dxe4 16. Bxe4 Rfc8 17. Bc5 Qd8 18. Nfxd4 Rab8 19. Nxc6 Nxc6 20. Qe2 Na5 21. Rfd1 Qe8 22. Nxa5 Qxe4 23. Qxe4 Bxe4 24. b4 Bf8 25. Bxf8 Kxf8 26. Nb3 Bf5 27. Nc5 Rb6 28. Rd2 Rbc6 29.
a3 a5 30. Rcd1 axb4 31. axb4 Ra8 32. Rd8+ Rxd8 33. Rxd8+ Ke7 34. Rb8 Rd6 35. f3 Rd1+ 36.
Kf2 Rd2+ 37. Kg3 h5 38. Rxb5 h4+ 39. Kxh4 Rxg2 40. h3 Rh2 41. f4 Rxh3+ 42. Kg5 f6# 0-1

[Event "*** Titled Tuesday Blitz"]
[Site "Chess.com"]
[Date "2020.03.03"]
[Round "6"]
[White "Atakishiyev04"]
[Black "Micki-taryan"]
[Result "0-1"]
[WhiteElo "2701"]
[BlackElo "3012"]
[TimeControl "180+1"]
[EndTime "10:03:12 PST"]
[Termination "Micki-taryan won on time"]

1. d4 Nf6 2. c4 e6 3. Nc3 Bb4 4.
Qc2 d5 5. cxd5 exd5 6. Bg5 h6 7. Bh4 c6 8. e3 Nbd7 9. Bd3 Be7 10. Nge2 O-O 11. O-O Re8 12. Rad1 Nh5 13. Bxe7 Qxe7 14. Ng3 Nxg3 15. hxg3 Nf6 16. Rfe1 Be6 17. a3 c5 18. dxc5 Qxc5 19. Bf5 Qb6 20. Bxe6 fxe6 21. Rd2 Rac8 22. Qg6 Qc7 23. g4 Qf7 24. Qxf7+ Kxf7 25. f3 Red8 26. Red1 Ke7 27. Kf2 a6 28. Kg3 Rd7 29.
Rd4 Rcd8 30. R4d2 e5 31. a4 d4 32. exd4 Rxd4 33. Rxd4 Rxd4 34. Rxd4 exd4 35. Ne2 d3 36. Nc3 Kd6 37. Kf2 Kc5 38. Ke3 Kc4 39. Kd2 Nd7 40. Ne4 Ne5 41. Nd6+ Kb3 42. Nxb7 Nc4+ 43.
Kxd3 Nxb2+ 44. Ke4 Nxa4 45. Kf5 Kb4 46. Kg6 Nc5 47.
Nxc5 Kxc5 48. Kxg7 a5 49. Kxh6 a4 50. g5 a3 51. g6 a2 52. g7 a1=Q 53. g8=Q Qh1+ 54.
Kg7 Qxg2+ 0-1

[Event "*** Titled Tuesday Blitz"]
[Site "Chess.com"]
[Date "2020.03.03"]
[Round "6"]
[White "TST2014"]
[Black "DishonorOnYourCow"]
[Result "1-0"]
[WhiteElo "2590"]
[BlackElo "2292"]
[TimeControl "180+1"]
[EndTime "10:03:12 PST"]
[Termination "TST2014 won by resignation"]

1. d4 Nf6 2. c4 g6 3. Nf3 Bg7 4. Nc3 d5 5. Bg5 Ne4 6. Bh4 Nxc3 7. bxc3 dxc4 8. Qa4+ Bd7 9. Qxc4 O-O 10. e4 Be6 11. Qb4 Re8 12. Qxb7 Nd7 13. Ng5 c5 14. Nxe6 fxe6 15. Bc4 Nf8 16. O-O cxd4 17. cxd4 Qxd4 18. Rac1 Rab8 19. Qc6 Qd6 20. Bb5 Red8 21. Qxd6 Rxd6 22. Bxe7 Rd2 23. a4 Kf7 24. Bg5 Ra2 25. Rc7+ Kg8 26. Rxa7 Bd4 27. Rc7 Bb6 28. Rc6 Kg7 29. e5 Kf7 30. h4 Nd7 31. Bc4 Rxa4 32. Bxe6+ Ke8 33. Bd5 Nxe5 34. Re6+ Kd7 35. Rxe5 Rf8 36. Bf3 Ra2 37.
Re7+ Kd6 38. Rxh7 Rc8 39. Rg7 Rcc2 40. Rxg6+ Kc7 41. Be3 1-0

[Event "*** Titled Tuesday Blitz"]
[Site "Chess.com"]
[Date "2020.03.03"]
[Round "6"]
[White "EugeneRougon"]
[Black "obliviate12"]
[Result "0-1"]
[WhiteElo "2701"]
[BlackElo "2862"]
[TimeControl "180+1"]
[EndTime "10:03:13 PST"]
[Termination "obliviate12 won by resignation"]

1. e4 e5 2. Nf3 Nc6 3. Bb5 a6 4.
Ba4 Nf6 5. O-O Bc5 6. Nxe5 Nxe5 7. d4 Qe7 8. dxc5 Qxc5 9. Be3 Qb4 10. Qd4 Nc6 11.
Qxb4 Nxb4 12. Nc3 b5 13. Bb3 Bb7 14. a3 Nc6 15. Nd5 Nxd5 16. Bxd5 Na5 17. Bxb7 Nxb7 18.
a4 b4 19. Rfd1 d6 20. Bd2 a5 21. c3 bxc3 22. Bxc3 f6 23. Rd5 Kd7 24. Rad1 Kc6 25. Bd4 Rhb8 26. f4 Nd8 27. Rc1+ Kd7 28. e5 fxe5 29. fxe5 Ne6 30. exd6 c6 31. Rh5 Nxd4 32. Rxh7 Ne2+ 0-1

[Event "*** Titled Tuesday Blitz"]
[Site "Chess.com"]
[Date "2020.03.03"]
[Round "6"]
[White "Gahan-MG"]
[Black "nonscitis"]
[Result "1-0"]
[WhiteElo "2484"]
[BlackElo "2613"]
[TimeControl "180+1"]
[EndTime "10:03:13 PST"]
[Termination "Gahan-MG won by resignation"]

1. e4 c5 2. c3 d6 3. d4 Nf6 4. Bd3 Nc6 5. Ne2 g6 6. O-O Bg7 7. h3 O-O 8. Be3 b6 9. Nd2 Bb7 10. Rc1 Rc8 11. f4 Nd7 12. d5 Ncb8 13. a4 Na6 14.
Nc4 Nc7 15. g4 a6 16. Ng3 Ba8 17. b4 b5 18. Na5 Nb6 19. bxc5 Nxa4 20. cxd6 Qxd6 21.
c4 Qb4 22. Qd2 Bc3 23. Rxc3 Nxc3 24. Ra1 bxc4 25. Nxc4 N7b5 26. Nb6 Nd4 27. Qf2 Qxb6 28. Bxd4 Qb3 29. Bxa6 Rb8 30. Bf1 Rfc8 31. Bg2 Nb5 32. Be5 Nd6 33. Ne2 Rc2 34. Nd4 Rxf2 35. Nxb3 Rb2 36. Bxb2 Rxb3 37. Rxa8+ 1-0

[Event "*** Titled Tuesday Blitz"]
[Site "Chess.com"]
[Date "2020.03.03"]
[Round "6"]
[White "Msb2"]
[Black "Gabix_94"]
[Result "1/2-1/2"]
[WhiteElo "2860"]
[BlackElo "2699"]
[TimeControl "180+1"]
[EndTime "10:03:14 PST"]
[Termination "Game drawn by repetition"]

1. d4 Nf6 2. Nf3 e6 3. Bf4 d5 4. e3 c5 5. c3 Bd6 6. Nbd2 Qc7 7. Bxd6 Qxd6 8. Ne5 Nbd7 9. f4 O-O 10. Bd3 b6 11. O-O Bb7 12. Qf3 Rac8 13. g4 Qe7 14. g5 Ne8 15.
Qh3 g6 16. Qh6 Nd6 17. Ndf3 f6 18. Nxd7 Qxd7 19. gxf6 Rxf6 20. Ne5 Qg7 21. Qxg7+ Kxg7 22. h4 Nf7 23. Ng4 Rf5 24. Bxf5 exf5 25. Ne5 Nd6 26. Rfd1 Kf6 27. dxc5 bxc5 28. c4 Nxc4 29. Nxc4 dxc4 30. Rd7 Be4 31. Rad1 Bd3 32. b3 Ke6 33. Rxa7 Rc6 34. Kf2 Rb6 35. Rxh7 cxb3 36. axb3 Rxb3 37. Ra1 Rb2+ 38.
Kg3 Be4 39. Rd1 Rg2+ 40. Kh3 Re2 41. Rhd7 Rxe3+ 42. Kh2 Re2+ 43. Kg3 Re3+ 44. Kf2 Rf3+ 45. Ke2 Rxf4 46. R1d6+ Ke5 47. Rxg6 Rxh4 48. Rc7 Rh2+ 49.
Ke1 Kd4 50. Rd7+ Ke3 51. Rg3+ Kf4 52. Rc3 Rh1+ 53. Kf2 Rh2+ 54. Kg1 Rh1+ 55. Kf2 Rh2+ 56. Kg1 Rh1+ 57. Kf2 1/2-1/2

[Event "*** Titled Tuesday Blitz"]
[Site "Chess.com"]
[Date "2020.03.03"]
[Round "6"]
[White "vladimirdamjanovic"]
[Black "Palacios-LLera"]
[Result "0-1"]
[WhiteElo "2633"]
[BlackElo "2539"]
[TimeControl "180+1"]
[EndTime "10:03:14 PST"]
[Termination "Palacios-LLera won on time"]

1. e4 c5 2. Nf3 Nc6 3. d4 cxd4 4. Nxd4 g6 5. Nc3 Bg7 6. Be3 Nf6 7. Bc4 d6 8. f3 Bd7 9. Bb3 a5 10. a3 h5 11. Qd2 Qc8 12. O-O-O Ne5 13. Qe2 a4 14. Ba2 Ra5 15. Nd5 Nxd5 16. exd5 Rc5 17. Rhe1 O-O 18. Bg5 Re8 19. Kb1 Kh7 20. h3 Nc4 21. g4 hxg4 22. hxg4 Kg8 23. c3 b5 24. Rh1 Rxd5 25. Bh6 e5 26. Bxg7 Kxg7 27. Qh2 Rh8 28. Qg2 exd4 29. Rxh8 Qxh8 30. Rh1 Qg8 31. Qh2 Kf8 32. cxd4 Rxd4 33. Qh4 Ke8 34. Re1+ Ne5 35. Qf6 g5 36. Rxe5+ dxe5 37.
Qxe5+ Kd8 38. Qxd4 Qg6+ 39. Ka1 Qc6 40. Bxf7 Qxf3 0-1

[Event "*** Titled Tuesday Blitz"]
[Site "Chess.com"]
[Date "2020.03.03"]
[Round "6"]
[White "Nalatac"]
[Black "IMRosen"]
[Result "0-1"]
[WhiteElo "2282"]
[BlackElo "2502"]
[TimeControl "180+1"]
[EndTime "10:03:14 PST"]
[Termination "IMRosen won on time"]

1. d4 d5 2. c4 e6 3. Nf3 Nf6 4.
g3 dxc4 5. Bg2 Bb4+ 6. Bd2 c5 7. O-O O-O 8. Qc2 Nbd7 9. Bxb4 cxb4 10. Qxc4 a5 11.
a3 bxa3 12. bxa3 b6 13. Nc3 Ba6 14. Qb3 Rc8 15. Rfc1 Bc4 16. Qb2 Qe7 17. Nd2 Ba6 18.
Nb5 e5 19. Rxc8 Rxc8 20. Na7 Re8 21. Nc6 Qd6 22. e3 exd4 23. Nxd4 Nc5 24. Rb1 Nfd7 25.
Qa2 Ne5 26. Qb2 Rb8 27. Ne4 Nxe4 28. Bxe4 g6 29. a4 h5 30. Bg2 Nc4 31. Qa2 Rd8 32. Rc1 Rc8 33. Bf1 Qb4 34. Nc2 Qd2 35. Qb1 Na3 36. Nxa3 Rxc1 37. Qxb6 Rxf1+ 38. Kg2 Qd5+ 0-1

[Event "*** Titled Tuesday Blitz"]
[Site "Chess.com"]
[Date "2020.03.03"]
[Round "6"]
[White "Sunnika"]
[Black "Saloni1299"]
[Result "1/2-1/2"]
[WhiteElo "2399"]
[BlackElo "2068"]
[TimeControl "180+1"]
[EndTime "10:03:14 PST"]
[Termination "Game drawn by repetition"]

1. d4 Nf6 2. c4 g6 3. g3 c6 4. Bg2 d5 5. Qa4 Nfd7 6. cxd5 Nb6 7. Qd1 cxd5 8. Nc3 Bg7 9. e3 O-O 10. Nge2 Bf5 11. O-O Qd7 12. Nf4 e6 13. g4 g5 14.
Nh5 Bg6 15. Nxg7 Kxg7 16. e4 Nc6 17. exd5 Nxd5 18. Nxd5 exd5 19. Bxg5 Rae8 20. Be3 Nb4 21. Qd2 Nc2 22. Bh6+ Kg8 23. Rac1 Rc8 24. Bxf8 Kxf8 25. Qh6+ Kg8 26. Qg5 Nxd4 27. Rcd1 Ne2+ 28. Kh1 d4 29. Bf3 d3 30. Rfe1 Qe6 31. Rd2 Rc2 32. Rxc2 Ng3+ 33. hxg3 Qxe1+ 34. Kg2 dxc2 35. Qd8+ Kg7 36.
Qd4+ Kg8 37. Qd8+ Kg7 38. Qd4+ Kg8 39. Qd8+ 1/2-1/2

[Event "*** Titled Tuesday Blitz"]
[Site "Chess.com"]
[Date "2020.03.03"]
[Round "6"]
[White "yoolund"]
[Black "VALPARAISO37"]
[Result "0-1"]
[WhiteElo "2603"]
[BlackElo "2400"]
[TimeControl "180+1"]
[EndTime "10:03:16 PST"]
[Termination "VALPARAISO37 won on time"]

1. d4 Nf6 2. Bg5 c5 3. Bxf6 exf6 4. d5 f5 5. c4 g6 6. Nc3 d6 7. g3 Bg7 8. Bg2 Qa5 9. Nf3 Qb4 10. Qc2 Qxc4 11.
O-O O-O 12. Nd2 Qa6 13. a4 Bxc3 14. Qxc3 Qxe2 15. Rfe1 Qa6 16. h4 Nd7 17. h5 gxh5 18. Bf1 Qb6 19. Nc4 Qc7 20. Re7 Qd8 21. Rae1 Ne5 22.
R1xe5 dxe5 23. Qxe5 f6 24. Qe3 Qxd5 25. Qh6 Qf7 26.
Rxf7 Rxf7 27. Nd6 Be6 28. Nxf7 Bxf7 29. Qf4 b6 30. Bg2 Re8 31. Qxf5 Re1+ 32. Kh2 Kg7 33. Bf3 Re5 34. Qf4 Be6 35. Kg2 c4 36. Qd2 Ra5 37. Qd6 Bf7 38. Qc7 Kg6 0-1

[Event "*** Titled Tuesday Blitz"]
[Site "Chess.com"]
[Date "2020.03.03"]
[Round "6"]
[White "Spring199"]
[Black "Alopekos"]
[Result "1-0"]
[WhiteElo "2260"]
[BlackElo "2443"]
[TimeControl "180+1"]
[EndTime "10:03:18 PST"]
[Termination "Spring199 won by checkmate"]

1. e4 c5 2. Nf3 g6 3. g3 Bg7 4. Bg2 d6 5. O-O Nf6 6. d3 O-O 7. c3 Nc6 8. h3 Rb8 9. a4 a6 10. Bg5 b5 11. axb5 axb5 12. Re1 b4 13. Qd2 Nd7 14. d4 bxc3 15. bxc3 cxd4 16. cxd4 Nb6 17.
Nc3 Nc4 18. Qe2 Nb6 19. Rec1 Nxd4 20. Nxd4 Bxd4 21. Rab1 Be6 22. Bh6 Bg7 23. Bxg7 Kxg7 24. Nb5 Qd7 25. e5 Bc4 26. Rxc4 Nxc4 27. Qxc4 dxe5 28.
Bc6 Qd2 29. Qe4 f6 30. Nc7 Rxb1+ 31. Qxb1 Qd6 32. Qb7 Rd8 33. Bd5 Kh6 34. Qa7 Rd7 35.
Qe3+ Kg7 36. Ne8+ Kf8 37. Nxd6 Rxd6 38. Bf3 Kg7 39. h4 e6 40. h5 g5 41. Qa3 Rd7 42. Qa6 Kh6 43. Qxe6 Rd1+ 44. Bxd1 Kg7 45. Qe7+ Kh8 46.
Qxf6+ Kg8 47. Bb3# 1-0

[Event "*** Titled Tuesday Blitz"]
[Site "Chess.com"]
[Date "2020.03.03"]
[Round "6"]
[White "aridannie"]
[Black "JakeCarlosBanawa"]
[Result "1-0"]
[WhiteElo "2426"]
[BlackElo "2370"]
[TimeControl "180+1"]
[EndTime "10:03:19 PST"]
[Termination "aridannie won on time"]

1. e4 c5 2. Nf3 d6 3. Bb5+ Nd7 4.
O-O a6 5. Bd3 Ngf6 6. Re1 g6 7.
c3 Bg7 8. Bc2 O-O 9. d4 e5 10.
d5 Nh5 11. c4 h6 12. Nc3 Ndf6 13. a3 Nh7 14. b4 b6 15. Rb1 Ng5 16. Nxg5 hxg5 17.
g3 g4 18. f3 gxf3 19. Qxf3 f5 20. exf5 Bxf5 21. Be4 Bh3 22. Qd3 Qf6 23. Be3 g5 24.
Rbc1 Bh6 25. Nd1 Ra7 26. Nf2 Bc8 27. Rf1 Qg7 28. Bg2 g4 29. Ne4 Nf4 30. gxf4 exf4 31. Bd2 f3 32. Bh1 Bf5 33. Rce1 Re7 34. Bc3 Qg6 35. Ba1 Bxe4 36. Qc3 Re5 37. bxc5 g3 38. Rxe4 f2+ 39. Kg2 Qxe4+ 40. Kxg3 1-0

[Event "*** Titled Tuesday Blitz"]
[Site "Chess.com"]
[Date "2020.03.03"]
[Round "6"]
[White "Roman_Ovetchkin"]
[Black "RojonR"]
[Result "1-0"]
[WhiteElo "2622"]
[BlackElo "2388"]
[TimeControl "180+1"]
[EndTime "10:03:21 PST"]
[Termination "Roman_Ovetchkin won by resignation"]

1. d4 d5 2. c4 c6 3. Nf3 Nf6 4. Qc2 e6 5. Nbd2 Be7 6. g3 a6 7.
Bg2 b5 8. c5 O-O 9. O-O Nbd7 10.
e4 dxe4 11. Nxe4 Nxe4 12. Qxe4 Nf6 13. Qe2 Nd5 14. Ne5 Qc7 15. Bd2 a5 16. Rfe1 Bf6 17.
Rad1 Bxe5 18. dxe5 b4 19. Qg4 Re8 20. Bc1 Ba6 21.
Bxd5 cxd5 22. Bh6 g6 23. Qf4 f5 24. exf6 Qxf4 25. Bxf4 Kf7 26. Be5 Rec8 27. Rc1 a4 28.
Bd4 Bc4 29. a3 bxa3 30. bxa3 Rab8 31. Re3 Rb3 32. Rce1 Rxe3 33. Rxe3 Rb8 34. g4 Rb1+ 35. Kg2 Rd1 36. Be5 d4 37. Rh3 h5 38. gxh5 Bf1+ 39. Kg3 Rd3+ 40. f3 Bxh3 41. h6 Bg4 42. Kxg4 Kg8 43.
f7+ Kxf7 44. h7 1-0